 Dungeon Sprint DCSS version 0.23-a0-344-ge122d05 (webtiles) character file.

116 Fang the Skirmisher (level 5, -6/57 HPs)
             Began as a Gargoyle Berserker on Oct 19, 2018.
             Was a Priest of Trog.
             Mangled by a wight
             ... wielding a +4 spear
              (7 damage)
             ... in the Dungeon (Sprint VII: "The Pits").
             The game lasted 00:00:21 (88 turns).

Fang the Skirmisher (Gargoyle Berserker)              Turns: 88, Time: 00:00:21

Health: -6/57      AC:  6    Str: 27    XL:     5   Next: 0%
Magic:  5/5        EV: 12    Int:  7    God:    Trog [***...]
Gold:   0          SH:  0    Dex:  9    Spells: 4/4 levels left

rFire    . . .     SeeInvis .   j - +2 hand axe
rCold    . . .     Gourm    .   (no shield)
rNeg     + . .     Faith    .   b - +0 animal skin
rPois    ∞         Spirit   .   (no helmet)
rElec    +         Reflect  .   (no cloak)
rCorr    .         Harm     .   (no gloves)
MR       .....     NoTele   +   (no boots)
Stlth    ..........             (no amulet)
HPRegen  0.19/turn              (no ring)
MPRegen  0.09/turn              (no ring)

@: berserking, very quick
A: negative energy resistance 1, electricity resistance, unbreathing,
petrification resistance, rot immunity, AC +4
a: Berserk, Trog's Hand, Renounce Religion


You were in the Dungeon.
You worshipped Trog.
Trog was most pleased with you.
You were not hungry.

You visited 1 branch

Inventory:

Hand Weapons
 j - a +2 hand axe (weapon)
Armour
 b - a +0 animal skin (worn)
Scrolls
 i - a scroll of blinking
 k - 3 scrolls of remove curse
 l - a scroll of summoning
Potions
 a - 2 potions of invisibility
 d - a potion of curing
 e - a potion of heal wounds
 f - a potion of haste
 g - 4 potions of magic
 h - 3 potions of berserk rage
Comestibles
 c - 9 rations


   Skills:
 + Level 7.3 Fighting
 + Level 6.0 Axes
 + Level 3.9 Armour
 + Level 2.9 Dodging


You had 4 spell levels left.
You didn't know any spells.
Your spell library was empty.

Dungeon Overview and Level Annotations

Branches:
Dungeon (1/1)

Altars:
Cheibriados
Dithmenos
Elyvilon
Fedhas
Gozag
Hepliaklqana
Makhleb
Nemelex Xobeh
Okawaru
Qazlal
Ru
Sif Muna
Trog
Vehumet
Wu Jian
Xom
Yredelemnul
Zin
The Shining One
Beogh
Jiyva
Lugonu


Innate Abilities, Weirdness & Mutations

You are resistant to torment.
Your stone body is resilient. (AC +4)
You are immune to poison.
You resist negative energy. (rN+)
You are resistant to electric shocks. (rElec)
You can survive without breathing.
You are immune to petrification.
You are immune to rotting.


Message History

The wight hits you but does no damage.
Unknown command.
You closely miss the gnoll.
The gnoll is moderately wounded.
The wight hits you from afar with a +4 spear!
* * * LOW HITPOINT WARNING * * *
The wight hits you from afar with a cursed +0 spear.
* * * LOW HITPOINT WARNING * * *
The gnoll hits you but does no damage.
You slash the gnoll!
You kill the gnoll!
Trog accepts your kill.
Your Axes skill increases to level 6!
You have reached level 5!
The wight hits you from afar with a +3 halberd of freezing.
* * * LOW HITPOINT WARNING * * *
The wight freezes you.
* * * LOW HITPOINT WARNING * * *
The wight hits you from afar with a +4 spear!
You die...

##########'##........
#.?(.')))'.##......#.
##########.##........
#...........'........
#+#####†#####......#.
#...#.# #........
#...#.# ####'####
#...'.# #.......#
##@#### #.......#
#.).zz# #.......#
#..zz.# #...<...#
#....... #.......#
#........##.......#
###########.......#
#########


You could see 4 wights.

Vanquished Creatures
  A floating eye (D)
  A gnoll (D)
  A giant cockroach (D)
  2 frilled lizards (D)
  A giant cockroach zombie (D)
  A quokka zombie (D)
  A rat (D)
8 creatures vanquished.

Notes
Turn   | Place    | Note
-------+----------+-------------------------------------------
     0 | D        | Fang the Gargoyle Berserker began the quest for the Orb.
     0 | D        | Reached XP level 1. HP: 14/14 MP: 1/1
    19 | D        | Found a bloodstained altar of Trog.
    19 | D        | Found a deep blue altar of Sif Muna.
    19 | D        | Found a viscous altar of Jiyva.
    19 | D        | Found a hazy altar of Hepliaklqana.
    19 | D        | Found an opulent altar of Gozag.
    20 | D        | Found a glowing golden altar of the Shining One.
    20 | D        | Found a glowing silver altar of Zin.
    20 | D        | Found a basalt altar of Yredelemnul.
    20 | D        | Found a shimmering altar of Xom.
    20 | D        | Found an ornate altar of the Wu Jian Council.
    20 | D        | Found a sacrificial altar of Ru.
    20 | D        | Found a stormy altar of Qazlal.
    20 | D        | Found an iron altar of Okawaru.
    20 | D        | Found a sparkling altar of Nemelex Xobeh.
    20 | D        | Found a burning altar of Makhleb.
    20 | D        | Found a blossoming altar of Fedhas.
    20 | D        | Found a white marble altar of Elyvilon.
    20 | D        | Found a shadowy altar of Dithmenos.
    20 | D        | Found a snail-covered altar of Cheibriados.
    22 | D        | Found a radiant altar of Vehumet.
    22 | D        | Found a corrupted altar of Lugonu.
    22 | D        | Found a roughly hewn altar of Beogh.
    59 | D        | Noticed a floating eye
    62 | D        | Paralysed by a floating eye for 3 turns
    67 | D        | Killed a floating eye
    67 | D        | Reached skill level 7 in Fighting
    67 | D        | Reached skill level 5 in Axes
    67 | D        | Reached XP level 2. HP: 24/24 MP: 2/2
    67 | D        | Reached XP level 3. HP: 28/28 MP: 3/3
    67 | D        | Reached XP level 4. HP: 34/34 MP: 4/4
    68 | D        | Reached ** piety under Trog
    86 | D        | Reached *** piety under Trog
    88 | D        | Reached XP level 5. HP: 6/38 MP: 5/5
    88 | D        | HP: 2/57 [wight/+3 halberd of freezing (4)]
    88 | D        | Mangled by a wight

Vault maps used:
D:        pitsprint

Skill      XL: |  1  2  3  4 |
---------------+-------------+-----
Fighting       | 7 |  7.3
Axes           | 5 6 |  6.0
Armour         | 3 |  3.9
Dodging        | 2 |  2.9

Action                   |  1- 3 |  4- 6 || total
-------------------------+-------+-------++-------
Melee: Hand axe          |     8 |    10 ||    18
Invok: Berserk           |       |     1 ||     1
Armor: Animal skin       |     1 |       ||     1
Dodge: Dodged            |     1 |     8 ||     9

Table legend:
 A = Non-vault XP
 B = Vault XP
 C = Vault XP percentage of total XP
 D = Non-vault monster count
 E = Vault monster count
 F = Vault count percentage of total count
                 A         B        C        D         E       F
            +---------+---------+-------+---------+---------+-------
      Total |       0 |     166 | 100.0 |       0 |       8 | 100.0
            +---------+---------+-------+---------+---------+-------
          D |       0 |     166 | 100.0 |       0 |       8 | 100.0
            +---------+---------+-------+---------+---------+-------
